3A
PROVO MANGO @ BELLEVUE BRUINS
07/26/2025
 
TOP OF THE 1ST
Provo Mango batting - Pitching for Bellevue Bruins : RHP Omar Casteneda
Pitching: RHP Omar Casteneda
Batting: RHB Daniel Maldonado 0-0: Foul Ball, location: 2F
0-1: Ball
1-1: Ball
2-1: TRIPLE (Flyball, 8LXD)
Batting: RHB James Pike 0-0: Foul Ball, location: 2F
0-1: Ball
1-1: Ball
2-1: Foul Ball, location: 2F
2-2: Strikes out swinging
Batting: SHB Jesús Herrera 0-0: Ball
1-0: Swinging Strike
1-1: Foul Ball, location: 2F
1-2: Foul Ball, location: 2F
1-2: Strikes out swinging
Batting: RHB Restin P. Surambe 0-0: Ball
1-0: Called Strike
1-1: Ball
2-1: Swinging Strike
2-2: Foul Ball, location: 2F
2-2: Strikes out swinging
Top of the 1st over - 0 run(s), 1 hit(s), 0 error(s), 1 left on base; Provo 0 - Bellevue 0
BOTTOM OF THE 1ST
Bellevue Bruins batting - Pitching for Provo Mango : RHP Salvador Torres
Pitching: RHP Salvador Torres
Batting: RHB Loren Stallings 0-0: Ball
1-0: Called Strike
1-1: Swinging Strike
1-2: Foul Ball, location: 2F
1-2: Ball
2-2: Strikes out looking
Batting: RHB Mark Bishop 0-0: Ball
1-0: Called Strike
1-1: Ball
2-1: Ball
3-1: Fly out, F9 (Flyball, 9)
Batting: RHB Luis Ríos 0-0: Called Strike
0-1: Called Strike
0-2: Ball
1-2: Strikes out swinging
Bottom of the 1st over - 0 run(s), 0 hit(s), 0 error(s), 0 left on base; Provo 0 - Bellevue 0
TOP OF THE 2ND
Provo Mango batting - Pitching for Bellevue Bruins : RHP Omar Casteneda
Batting: RHB Jaquiski Tartt 0-0: Ball
1-0: Called Strike
1-1: Fly out, F8 (Flyball, 8RS)
Batting: RHB José Salazar 0-0: Ground out U3 (Groundball, 34S)
Batting: RHB Jesús Ramos 0-0: Ball
1-0: Ball
2-0: Called Strike
2-1: Ball
3-1: Base on Balls
Batting: RHB Rhett Barry 0-0: Called Strike
0-1: Ball
1-1: Ball
2-1: DOUBLE (Groundball, 5L)
Jesús Ramos to third
Runner from 3rd tries for Home, throw and OUT!
Top of the 2nd over - 0 run(s), 1 hit(s), 0 error(s), 1 left on base; Provo 0 - Bellevue 0
BOTTOM OF THE 2ND
Bellevue Bruins batting - Pitching for Provo Mango : RHP Salvador Torres
Batting: LHB José Barrón 0-0: Ball
1-0: Foul Ball, location: 2F
1-1: Called Strike
1-2: Strikes out swinging
Batting: SHB Ramón García 0-0: Foul Ball, location: 2F
0-1: Ball
1-1: Ball
2-1: Ball
3-1: Called Strike
3-2: Fly out, F7 (Flyball, 78M)
Batting: LHB Mitchell Cusimano 0-0: Ball
1-0: Ground out 5-3 (Groundball, 56)
Bottom of the 2nd over - 0 run(s), 0 hit(s), 0 error(s), 0 left on base; Provo 0 - Bellevue 0
TOP OF THE 3RD
Provo Mango batting - Pitching for Bellevue Bruins : RHP Omar Casteneda
Batting: RHB António Quiñones 0-0: Ball
1-0: Called Strike
1-1: Ball
2-1: Foul Ball, location: 2F
2-2: Strikes out swinging
Batting: RHB Daniel Maldonado 0-0: Ball
1-0: Foul Ball, location: 2F
1-1: Foul Ball, location: 2F
1-2: Ball
2-2: Foul Ball, location: 2F
2-2: Ball
3-2: Foul Ball, location: 2F
3-2: Foul Ball, location: 2F
3-2: Base on Balls
Batting: RHB James Pike 0-0: Ball
1-0: Ball
2-0: Grounds into double play, 6-4-3 (Groundball, 6)
Top of the 3rd over - 0 run(s), 0 hit(s), 0 error(s), 0 left on base; Provo 0 - Bellevue 0
BOTTOM OF THE 3RD
Bellevue Bruins batting - Pitching for Provo Mango : RHP Salvador Torres
Batting: RHB Alonso Zamora 0-0: Foul Ball, location: 2F
0-1: Swinging Strike
0-2: Strikes out looking
Batting: RHB Manny Soto 0-0: Ball
1-0: Ball
2-0: Ball
3-0: Base on Balls
Batting: RHB Ernesto Bea 0-0: Ball
1-0: Called Strike
Manny Soto steals 2nd base
1-1: Ball
2-1: Ground out 6-3 (Groundball, 6)
Batting: RHB Loren Stallings 0-0: Called Strike
0-1: Ball
1-1: Ball
2-1: SINGLE (Groundball, 34S) (infield hit)
Manny Soto to third
Batting: RHB Mark Bishop 0-0: Ball
1-0: Ground out 6-3 (Groundball, 6)
Bottom of the 3rd over - 0 run(s), 1 hit(s), 0 error(s), 2 left on base; Provo 0 - Bellevue 0
TOP OF THE 4TH
Provo Mango batting - Pitching for Bellevue Bruins : RHP Omar Casteneda
Batting: SHB Jesús Herrera 0-0: Called Strike
0-1: Ball
1-1: Foul Ball, location: 2F
1-2: SINGLE (Line Drive, 89S)
Batting: RHB Restin P. Surambe 0-0: Ball
1-0: Ball
2-0: Foul Ball, location: 2F
2-1: Foul Ball, location: 2F
2-2: Strikes out looking
Batting: RHB Jaquiski Tartt 0-0: Ball
1-0: Ball
2-0: Called Strike
2-1: Ball
3-1: SINGLE (Line Drive, 34D)
Jesús Herrera to second
Batting: RHB José Salazar 0-0: Ball
1-0: Ball
2-0: Ball
3-0: Called Strike
3-1: Grounds into double play, 5-4-3 (Groundball, 56)
Top of the 4th over - 0 run(s), 2 hit(s), 0 error(s), 1 left on base; Provo 0 - Bellevue 0
BOTTOM OF THE 4TH
Bellevue Bruins batting - Pitching for Provo Mango : RHP Salvador Torres
Batting: RHB Luis Ríos 0-0: Ball
1-0: Foul Ball, location: 2F
1-1: Called Strike
1-2: Ball
2-2: Ball
3-2: Strikes out swinging
Batting: LHB José Barrón 0-0: Called Strike
0-1: Ball
1-1: Ball
2-1: Swinging Strike
2-2: Strikes out looking
Batting: SHB Ramón García 0-0: Ball
1-0: Ball
2-0: Called Strike
2-1: Foul Ball, location: 2F
2-2: Hit by Pitch
Batting: LHB Mitchell Cusimano 0-0: SINGLE (Groundball, 3D)
Ramón García to second
Runner from 2nd tries for 3rd, SAFE, throw made to third
Mitchell Cusimano to second
Batting: RHB Alonso Zamora 0-0: SINGLE (Groundball, 6MD)
Ramón García scores
Mitchell Cusimano to third
Runner from 3rd tries for Home, SAFE, no throw
Batting: RHB Manny Soto 0-0: Ball
1-0: Swinging Strike
1-1: Ball
2-1: Called Strike
2-2: Ball
3-2: Foul Ball, location: 2F
3-2: Foul Ball, location: 2F
3-2: Foul Ball, location: 2F
3-2: Ground out 3-1 (Groundball, 34)
Bottom of the 4th over - 2 run(s), 2 hit(s), 0 error(s), 1 left on base; Provo 0 - Bellevue 2
TOP OF THE 5TH
Provo Mango batting - Pitching for Bellevue Bruins : RHP Omar Casteneda
Batting: RHB Jesús Ramos 0-0: Swinging Strike
0-1: Ball
1-1: Fly out, F7 (Flyball, 78M)
Batting: RHB Rhett Barry 0-0: Ball
1-0: Ball
2-0: Called Strike
2-1: Ball
3-1: Fly out, F3 (Line Drive, 3)
Batting: RHB António Quiñones 0-0: Ball
1-0: Called Strike
1-1: Ground out 6-3 (Groundball, 56)
Top of the 5th over - 0 run(s), 0 hit(s), 0 error(s), 0 left on base; Provo 0 - Bellevue 2
BOTTOM OF THE 5TH
Bellevue Bruins batting - Pitching for Provo Mango : RHP Salvador Torres
Batting: RHB Ernesto Bea 0-0: Ball
1-0: Ball
2-0: Ball
3-0: Called Strike
3-1: Ground out 5-3 (Groundball, 5L)
Batting: RHB Loren Stallings 0-0: Ground out 5-3 (Groundball, 56S)
Batting: RHB Mark Bishop 0-0: Called Strike
0-1: Ball
1-1: Called Strike
1-2: Strikes out swinging
Bottom of the 5th over - 0 run(s), 0 hit(s), 0 error(s), 0 left on base; Provo 0 - Bellevue 2
TOP OF THE 6TH
Provo Mango batting - Pitching for Bellevue Bruins : RHP Omar Casteneda
Pitching: RHP Alfonso Santa Maria
Batting: RHB Daniel Maldonado 0-0: Swinging Strike
0-1: SINGLE (Line Drive, 7LM)
Batting: RHB James Pike 0-0: Called Strike
0-1: Bunted foul
0-2: Ball
1-2: Ball
2-2: Strikes out swinging
Batting: SHB Jesús Herrera 0-0: Ball
1-0: Foul Ball, location: 2F
1-1: Fly out, F9 (Line Drive, 9)
Batting: RHB Restin P. Surambe 0-0: Ball
Throwing error on steal attempt, E2
Daniel Maldonado to third
1-0: Ground out 5-3 (Groundball, 56S)
Top of the 6th over - 0 run(s), 1 hit(s), 1 error(s), 1 left on base; Provo 0 - Bellevue 2
BOTTOM OF THE 6TH
Bellevue Bruins batting - Pitching for Provo Mango : RHP Salvador Torres
Batting: RHB Luis Ríos 0-0: Ball
1-0: Called Strike
1-1: SINGLE (Line Drive, 6D)
Batting: LHB José Barrón 0-0: Ball
1-0: Foul Ball, location: 2F
1-1: Foul Ball, location: 2F
1-2: Ball
2-2: Foul Ball, location: 2F
2-2: Ball
3-2: SINGLE (Line Drive, 8LS)
Luis Ríos to second
Runner from 2nd tries for 3rd, SAFE, throw made to third
Batting: SHB Ramón García 0-0: Ball
Pickoff Throw to First - Error! E1
Luis Ríos scores
José Barrón to second
1-0: Swinging Strike
1-1: Single, Error in OF, E8, batter to second base
José Barrón scores
Batting: LHB Mitchell Cusimano 0-0: Intentional Walk
Pitching: LHP Igarashi Momoru
Batting: RHB Alonso Zamora 0-0: Called Strike
0-1: SINGLE (Line Drive, 4MD)
Ramón García to third
Mitchell Cusimano to second
Batting: RHB Manny Soto 0-0: Ball
1-0: Ball
2-0: Ball
3-0: Base on Balls
Ramón García scores
Mitchell Cusimano to third
Alonso Zamora to second
Batting: RHB Ernesto Bea 0-0: Ball
1-0: Ball
2-0: Foul Ball, location: 2F
2-1: Swinging Strike
2-2: Foul Ball, location: 2F
2-2: Strikes out looking
Batting: RHB Loren Stallings 0-0: Ball
1-0: Ball
2-0: Called Strike
2-1: Called Strike
2-2: Fly out, F8 (Flyball, 78M)
Runner from 3rd tags up, SCORES, no throw
Batting: RHB Mark Bishop 0-0: Ball
1-0: Ball
2-0: DOUBLE (Line Drive, 8LM)
Alonso Zamora scores
Manny Soto to third
Runner from 3rd tries for Home, SAFE, no throw
Batting: RHB Luis Ríos 0-0: Ball
1-0: Ball
2-0: Ball
3-0: Called Strike
3-1: Called Strike
3-2: Ground out 5-3 (Groundball, 56S)
Bottom of the 6th over - 6 run(s), 5 hit(s), 2 error(s), 1 left on base; Provo 0 - Bellevue 8
TOP OF THE 7TH
Provo Mango batting - Pitching for Bellevue Bruins : RHP Alfonso Santa Maria
Batting: RHB Jaquiski Tartt 0-0: Called Strike
0-1: Ball
1-1: Ball
2-1: Swinging Strike
2-2: Strikes out swinging
Batting: RHB José Salazar 0-0: Ground out 4-3 (Groundball, 6MS)
Batting: RHB Jesús Ramos 0-0: Hit by Pitch
Batting: RHB Rhett Barry 0-0: Ball
1-0: Called Strike
1-1: Foul Ball, location: 2F
1-2: Ball
Jesús Ramos is caught stealing 2nd base
Top of the 7th over - 0 run(s), 0 hit(s), 0 error(s), 0 left on base; Provo 0 - Bellevue 8
BOTTOM OF THE 7TH
Bellevue Bruins batting - Pitching for Provo Mango : LHP Igarashi Momoru
Batting: LHB José Barrón 0-0: Called Strike
0-1: Foul Ball, location: 2F
0-2: Ball
1-2: Ball
2-2: SINGLE (Groundball, 56D)
Batting: SHB Ramón García 0-0: Foul Ball, location: 2F
0-1: Grounds into double play, 6-4-3 (Groundball, 6)
Batting: LHB Mitchell Cusimano 0-0: Called Strike
0-1: Ball
1-1: Foul Ball, location: 2F
1-2: Foul Ball, location: 2F
1-2: DOUBLE (Line Drive, 9LS)
Batting: RHB Alonso Zamora 0-0: Ball
1-0: Called Strike
1-1: Fly out, F2 (Popup, 3S)
Bottom of the 7th over - 0 run(s), 2 hit(s), 0 error(s), 1 left on base; Provo 0 - Bellevue 8
TOP OF THE 8TH
Provo Mango batting - Pitching for Bellevue Bruins : RHP Alfonso Santa Maria
Now at C: Javier Valdés
Batting: RHB Rhett Barry 0-0: TRIPLE (Flyball, 9LD)
Batting: RHB António Quiñones 0-0: Foul Ball, location: 2F
0-1: Called Strike
0-2: Ball
1-2: Foul Ball, location: 2F
1-2: Foul Ball, location: 2F
1-2: Ball
2-2: Strikes out swinging
Batting: RHB Daniel Maldonado 0-0: Ground out 5-3 (Groundball, 56S)
Rhett Barry scores
Batting: RHB James Pike 0-0: Swinging Strike
0-1: Fly out, F9 (Flyball, 9LM)
Top of the 8th over - 1 run(s), 1 hit(s), 0 error(s), 0 left on base; Provo 1 - Bellevue 8
BOTTOM OF THE 8TH
Bellevue Bruins batting - Pitching for Provo Mango : LHP Igarashi Momoru
Batting: RHB Manny Soto 0-0: Called Strike
0-1: Called Strike
0-2: Ball
1-2: Strikes out swinging
Batting: RHB Ernesto Bea 0-0: Swinging Strike
0-1: Ball
1-1: Swinging Strike
1-2: Ball
2-2: SINGLE (Flyball, 78S)
Batting: RHB Loren Stallings 0-0: Ball
1-0: Called Strike
1-1: SINGLE (Groundball, 34D)
Ernesto Bea to second
Runner from 2nd tries for 3rd, SAFE, throw made to third
Batting: RHB Mark Bishop 0-0: Called Strike
0-1: Ball
Loren Stallings steals 2nd base
1-1: Ground out 1-3 (Groundball, 13)
Batting: RHB Luis Ríos 0-0: Ground out 5-3 (Groundball, 56)
Bottom of the 8th over - 0 run(s), 2 hit(s), 0 error(s), 2 left on base; Provo 1 - Bellevue 8
TOP OF THE 9TH
Provo Mango batting - Pitching for Bellevue Bruins : RHP Alfonso Santa Maria
Batting: SHB Jesús Herrera 0-0: Called Strike
0-1: SINGLE (Groundball, 6MD)
Batting: RHB Restin P. Surambe 0-0: Called Strike
0-1: SINGLE (Line Drive, 89M)
Jesús Herrera to second
Batting: RHB Jaquiski Tartt 0-0: Fly out, F9 (Flyball, 89M)
Runner from 2nd tags up, OUT at 3rd
Batting: RHB José Salazar 0-0: DOUBLE (Line Drive, 78XD)
Restin P. Surambe to third
Runner from 3rd tries for Home, SAFE, no throw
Batting: RHB Jesús Ramos 0-0: Foul Ball, location: 2F
0-1: Foul Ball, location: 2F
0-2: Ball
1-2: Ball
2-2: Foul Ball, location: 2F
2-2: Ball
3-2: Foul Ball, location: 2F
3-2: Strikes out swinging
Top of the 9th over - 1 run(s), 3 hit(s), 0 error(s), 1 left on base; Provo 2 - Bellevue 8
Friday, December 30th, 2016 - OOTP Baseball 17.12 Build 75